 Dungeon Crawl Stone Soup version 0.26.1-11-gd32895ea62 (webtiles) character file.

Game seed: 3340681533153967802

343 tizbic2 the Skirmisher (level 6, -1/73 HPs)
             Began as a Formicid Abyssal Knight on June 28, 2021.
             Was a Priest of Lugonu.
             Killed by divine providence
             ... invoked by an orc priest
              (12 damage)
             ... on level 4 of the Dungeon.
             The game lasted 00:19:38 (3869 turns).

tizbic2 the Skirmisher (Formicid Abyssal Knight)    Turns: 3869, Time: 00:19:38

Health: -1/73      AC: 23    Str: 17    XL:     6   Next: 88%
Magic:  7/7        EV:  2    Int: 11    God:    Lugonu [***...]
Gold:   148        SH: 15    Dex: 12    Spells: 5/5 levels left

rFire    + + .     SeeInvis .   a - +2 spear
rCold    x . .     Faith    .   b - +2 tower shield
rNeg     + + +     Spirit   .   (armour currently unavailable)
rPois    +         Reflect  .   (helmet unavailable)
rElec    .         Harm     .   (cloak currently unavailable)
rCorr    .         Rampage  .   (gloves currently unavailable)
Will     .....                  (boots currently unavailable)
Stlth    +.........             (no amulet)
HPRegen  0.22/turn              e - ring of protection from fire
MPRegen  0.10/turn              c - ring of fire

@: tree-form
A: permanent stasis, dig shafts and tunnels, four strong arms
a: Renounce Religion, Depart the Abyss, Bend Space, Banish


You were on level 4 of the Dungeon.
You worshipped Lugonu.
Lugonu was most pleased with you.
You were a tree.
You visited 1 branch of the dungeon, and saw 5 of its levels.
You visited the Abyss 1 time.

You collected 148 gold pieces.

Inventory:

Hand Weapons
 a - a +2 spear (weapon)
 n - a +0 vorpal falchion
Missiles
 h - 85 stones (quivered)
Armour
 b - a +2 tower shield (worn)
 j - a +0 chain mail (melded)
Jewellery
 c - a ring of fire (right branch)
 e - a ring of protection from fire (left branch)
 g - an uncursed ring of magical power
 o - a +6 ring of intelligence
Wands
 q - a wand of flame (15)
Scrolls
 d - 2 scrolls of identify
 m - a scroll of teleportation
Potions
 i - a potion of lignification


   Skills:
 + Level 4.7 Fighting
 * Level 4.3 Polearms
 + Level 0.3 Throwing
 + Level 2.9 Armour
 - Level 1.1 Dodging
 * Level 3.5 Shields
 + Level 2.5 Invocations


You had 5 spell levels left.
You didn't know any spells.
Your spell library contained the following spells:

 Spells                   Type           Power        Failure   Level
 Beastly Appendage        Tmut           0%           99%         1
 Wereblood                Tmut           0%           99%         2
 Spider Form              Tmut/Pois      0%           100%        3
 Ice Form                 Ice/Tmut       0%           100%        4
 Blade Hands              Tmut           0%           100%        5


Dungeon Overview and Level Annotations

Branches:
Dungeon (5/15)
 Temple: D:4-7

Altars:
Fedhas
Uskayaw


Innate Abilities, Weirdness & Mutations

You cannot be hasted, slowed, berserked, paralysed or teleported.
You can dig through walls and to a lower floor.
Your four strong arms can wield two-handed weapons with a shield.
((You have a pair of large antennae on your head. (SInv)))


Message History

The orc hits you but does no damage. You block the orc priest's attack.
You hit the orc priest.
The orc priest is moderately wounded.
You block the orc's attack. You block the orc priest's attack.
You barely miss the orc priest.
The orc priest is moderately wounded.
You block the orc's attack.
The orc priest hits you but does no damage.
You block the orc's attack.
You puncture the orc priest!
The orc priest is severely wounded.
The orc priest calls down the wrath of Beogh upon you.
Beogh smites you!
* * * LOW HITPOINT WARNING * * *
You hit the orc priest.
The orc priest is almost dead.
You block the orc's attack.
The orc priest mumbles some strange prayers to Beogh against you.
Beogh smites you!
You die...

{ #..## #.#
#..# ##.#
##..##.## #..#
#.. ##.#.#
#..# #.# #..#
#.####.##
#......#
######>#
#######o####.#
..?....♣)....#
#.#####o######
#.# #.. #..
####


You could see an orc priest and an orc.

Vanquished Creatures
  A centaur (D:5)
  An orc priest (D:5)
  Jessica (D:3)
  An iguana (D:4)
  An orc wizard (D:4)
  A worker ant (D:4)
  4 adders (D:2)
  A shadow imp (D:2)
  2 oozes
  2 worms (D:2)
  3 leopard geckos
  3 orcs
  2 ball pythons (D:2)
  2 giant cockroaches (D:1)
  8 goblins
  12 hobgoblins
  3 jackals (D:1)
  A quokka (D:3)
  5 bats
  4 frilled lizards
  7 kobolds
  12 rats
77 creatures vanquished.

Notes
Turn   | Place    | Note
-------+----------+-------------------------------------------
     0 | Abyss:1  | tizbic2 the Formicid Abyssal Knight began the quest for the
                  | Orb.
     0 | Abyss:1  | Reached XP level 1. HP: 18/18 MP: 2/2
   148 | Abyss:2  | Noticed an iron imp
   162 | D:1      | Escaped the Abyss
   283 | D:1      | You fall into a shaft and drop 1 floor!
   549 | D:1      | Reached XP level 2. HP: 17/24 MP: 3/3
   799 | D:1      | Reached skill level 1 in Dodging
  1086 | D:1      | Reached XP level 3. HP: 30/30 MP: 4/4
  1250 | D:1      | Reached ** piety under Lugonu
  1649 | D:2      | Reached XP level 4. HP: 23/38 MP: 5/5
  1945 | D:2      | Reached skill level 1 in Shields
  2262 | D:2      | Reached XP level 5. HP: 39/43 MP: 6/6
  2587 | D:2      | Found a blossoming altar of Fedhas.
  3005 | D:3      | Found a hide-covered altar of Uskayaw.
  3109 | D:3      | Reached *** piety under Lugonu
  3161 | D:3      | Noticed Jessica
  3173 | D:3      | Killed Jessica
  3517 | D:4      | Reached XP level 6. HP: 14/49 MP: 7/7
  3733 | D:5      | Entered Level 5 of the Dungeon
  3869 | D:4      | Killed from afar by an orc priest

Illustrated notes

Levels and vault maps discovered:
D:1:      lemuel_arrival_tunnels, layout_loops_corners, st_stairs_1,
          chequers_serial_rivers_micro_a, amcnicky_mini_pool_small
D:2:      layout_loops_cross, fedhas_altar_4
D:3:      layout_basic, lemuel_round_altar, minivault_4, interstate_on_off,
          uniq_jessica
D:4:      minmay_polygon_palace, layout_loops_ring,
          riverfiend_overflow_shadow_ancestor, grunt_gozag_statues
D:5:      layout_basic, nicolae_overflow_hidden_temple, kennysheep_dice,
          uniq_menkaure

Skill      XL: |  1  2  3  4  5  6 |
---------------+-------------------+-----
Dodging        | 1 |  1.1
Fighting       | 4 |  4.7
Shields        | 1 2 3 |  3.5
Polearms       | 3 4 |  4.3
Throwing       | |  0.3
Armour         | |  2.9
Invocations    | |  2.5

Action                   |  1- 3 |  4- 6 || total
-------------------------+-------+-------++-------
Melee: Spear             |   155 |   206 ||   361
Throw: Stone             |    13 |     8 ||    21
Invok: Bend Space        |       |     2 ||     2
 Abil: Dig               |    23 |    61 ||    84
       Shaft Self        |     1 |       ||     1
  Use: Scroll            |     4 |     7 ||    11
       Potion            |       |     2 ||     2
Armor: Leather armour    |    15 |       ||    15
       Chain mail        |    40 |    71 ||   111
       Skin              |       |     6 ||     6
Dodge: Dodged            |    68 |    17 ||    85
Block: Tower shield      |     8 |   140 ||   148
